AoeStats
← 暗魔陰蒂

Fortress

508001513Analyzed
4v4 RM · 10d ago on Sep 20, 2026· 78m 21s· 8 players
Game mode
Random Map
Map size
Huge
Population
200
Speed
Normal
Resources
Standard
Victory
Conquest
Starting age
Dark Age
Ending age
Imperial Age
RankedLock teamsTeams togetherTeam positionsShared explorationLock speedFull tech treeHidden civsTurbo modeCheats
Victory
Defeat
🇮🇳 Teutons · India
978
+14
🇨🇳 Khmer · China
959
+14
950
+16
🇫🇮 Dravidians · Finland
949
+16
🇹🇼 Bohemians · Taiwan
1163
-53
🇹🇼 Franks · Taiwan
1098
-20
🇨🇳 Poles · China
945
-14
🇹🇼 Chinese · Taiwan
500
-3
:D:D:D:D
0:27 Loom
7:45 Feudal Age
8:39 Double-Bit Axe
11:45 Castle Age
12:40 Bow Saw
14:11 Wheelbarrow
19:14 Gold Mining
23:05 Gold Shaft Mining
22:22 Stone Mining
27:31 Imperial Age
25:49 Caravan
26:10 Hand Cart
26:21 Husbandry
26:28 Scale Barding Armor
26:33 Forging
28:16 Chain Barding Armor
27:56 Cavalier
29:12 Iron Casting
29:24 Iron Casting
29:13 Conscription
28:53 Chivalry
29:40 Plate Barding Armor
29:27 Paladin
30:28 Fletching
31:39 Blast Furnace
31:00 Town Watch
34:36 Bodkin Arrow
34:42 Scale Mail Armor
39:41 Chemistry
40:14 Fortified Wall
47:50 Elite Throwing Axeman
48:33 Light Cavalry
49:36 Chain Mail Armor
51:19 Plate Mail Armor
50:41 Onager
52:08 #83
LOUIS文
6:23 Loom
8:09 Feudal Age
12:27 Castle Age
10:30 Double-Bit Axe
10:34 Horse Collar
13:42 Bow Saw
17:24 Wheelbarrow
24:49 Imperial Age
24:55 Imperial Age
22:46 Hand Cart
24:26 Chemistry
26:52 Two-Man Saw
25:58 Town Watch
26:28 Forging
26:18 Scale Mail Armor
26:19 Padded Archer Armor
27:35 Town Patrol
29:24 Houfnice
29:38 Pikeman
30:19 Squires
30:05 Arson
30:38 Chain Mail Armor
30:59 Iron Casting
30:40 Leather Archer Armor
30:13 Elite Skirmisher
30:58 Fletching
31:39 Conscription
31:26 Wagenburg Tactics
31:38 Halberdier
34:10 Ballistics
34:02 Masonry
38:56 Blast Furnace
38:26 Plate Mail Armor
41:36 Ring Archer Armor
41:01 Bodkin Arrow
52:13 Siege Engineers
52:39 Architecture
56:19 Caravan
71:19 Murder Holes
78:10 Bracer
暗魔陰蒂
1:27 Loom
9:07 Feudal Age
9:29 Horse Collar
9:35 Double-Bit Axe
9:53 Stone Mining
14:59 Gold Mining
16:42 Wheelbarrow
18:51 Castle Age
20:10 Arson
19:46 Man-at-Arms
20:43 Forging
20:34 Scale Mail Armor
20:39 Scale Barding Armor
20:25 Fletching
20:35 Padded Archer Armor
20:49 Heavy Plow
21:01 Bow Saw
22:31 Stone Shaft Mining
22:31 Gold Shaft Mining
23:27 Squires
26:08 Pikeman
26:09 Long Swordsman
27:50 Town Watch
32:02 Hand Cart
31:47 Town Patrol
33:53 Murder Holes
34:08 Masonry
34:05 Siphons
34:14 Caravan
34:45 Coinage
34:37 Great Wall
41:17 Imperial Age
43:17 Two-Man Saw
42:51 Architecture
42:07 Arrowslits
42:13 Guard Tower
42:34 Fortified Wall
42:59 Sappers
43:50 Conscription
44:53 Coinage
46:22 Banking
45:48 Two-Handed Swordsman
47:16 Light Cavalry
48:06 Bloodlines
47:57 Husbandry
49:39 Iron Casting
49:19 Chain Mail Armor
49:24 Chain Barding Armor
49:00 Bodkin Arrow
50:15 Halberdier
50:27 Elite Fire Lancer
50:29 Champion
50:42 Heavy Scorpion
50:43 Heavy Rocket Cart
50:43 Capped Ram
53:19 Heated Shot
54:31 Chemistry
53:52 Ballistics
54:08 Keep
54:35 Blast Furnace
54:05 Plate Mail Armor
54:10 Plate Barding Armor
53:30 Bodkin Arrow
53:51 Leather Archer Armor
53:53 Siege Ram
57:45 Leather Archer Armor
58:05 Plate Barding Armor
57:30 Bracer
57:55 Bombard Tower
57:38 Elite Skirmisher
58:24 Thumb Ring
57:40 Crossbowman
58:37 Arbalester
63:34 Rocketry
62:35 Elite Chu Ko Nu
63:20 Cavalier
79:22 Ring Archer Armor
Aiaoci
7:05 Feudal Age
7:26 Horse Collar
7:40 Double-Bit Axe
14:33 Castle Age
16:00 Loom
16:29 Bow Saw
17:14 Heavy Plow
20:28 Wheelbarrow
22:58 Imperial Age
23:21 Hand Cart
23:56 Bloodlines
23:56 Husbandry
25:38 Forging
25:45 Scale Barding Armor
26:41 Cavalier
27:59 Iron Casting
27:46 Chain Barding Armor
28:40 Conscription
31:15 Blast Furnace
30:06 Light Cavalry
31:37 Crop Rotation
37:22 Chemistry
36:48 Ballistics
37:43 Elite Obuch
39:06 Fletching
39:17 Padded Archer Armor
39:17 Scale Mail Armor
39:58 Elite Skirmisher
42:23 Caravan
45:23 Winged Hussar
64:43 Thumb Ring
64:01 Crossbowman
64:55 Arbalester
65:57 Bodkin Arrow
66:19 Leather Archer Armor
66:24 Chain Mail Armor
69:09 Bracer
Анольный Картель 7kmmr
8:18 Feudal Age
8:48 Double-Bit Axe
14:54 Castle Age
13:28 Stone Mining
14:44 Horse Collar
20:50 Bow Saw
21:45 Squires
25:08 Gambesons
25:09 Arson
27:35 Chieftains
28:14 Forging
28:04 Scale Mail Armor
27:29 Pikeman
29:53 Iron Casting
34:14 Imperial Age
33:52 Chain Mail Armor
34:22 Elite Berserk
35:23 Conscription
35:36 Plate Mail Armor
36:07 Blast Furnace
34:55 Capped Ram
36:32 Siege Ram
41:31 Caravan
Master
8:47 Feudal Age
9:33 Horse Collar
12:32 Castle Age
10:23 Double-Bit Axe
13:43 Scale Barding Armor
14:01 Bow Saw
16:19 Heavy Plow
24:27 Imperial Age
22:20 Chain Barding Armor
22:31 Gold Mining
23:22 Bloodlines
23:28 Forging
25:23 Iron Casting
26:03 Wheelbarrow
25:15 Loom
24:59 Cavalier
26:20 Plate Barding Armor
25:41 Town Watch
27:19 Blast Furnace
27:07 Conscription
27:34 Ironclad
27:12 Fletching
28:05 Hand Cart
28:21 Hand Cart
28:58 Crop Rotation
28:06 Paladin
30:24 Two-Man Saw
29:27 Town Patrol
30:11 Bodkin Arrow
30:39 Crenellations
32:50 Chemistry
32:11 Ballistics
32:35 Scale Mail Armor
38:40 Guilds
39:34 Masonry
45:18 Caravan
48:52 Hoardings
51:17 Squires
54:47 Padded Archer Armor
77:41 Elite Teutonic Knight
Nubsteri
7:25 Loom
9:11 Feudal Age
13:18 Castle Age
12:33 Double-Bit Axe
19:53 Fletching
20:03 Padded Archer Armor
27:52 Imperial Age
25:08 Loom
27:23 Wheelbarrow
29:22 Bodkin Arrow
29:42 Leather Archer Armor
29:34 Scale Barding Armor
31:34 Conscription
31:20 Medical Corps
31:32 Bracer
32:02 Ring Archer Armor
32:38 Chemistry
32:34 Ballistics
33:29 Bow Saw
34:31 Chain Barding Armor
34:34 Thumb Ring
33:50 Elite Elephant Archer
43:11 Siege Elephant
46:05 Hand Cart
54:58 Caravan
55:28 Coinage
57:55 Banking
57:35 Guilds
64:43 Town Watch
66:22 Gold Mining
66:49 Town Patrol
potatoes
3:43 Loom
4:04 Loom
8:09 Feudal Age
9:09 Double-Bit Axe
9:06 Horse Collar
11:56 Gold Mining
15:21 Castle Age
17:30 Gold Shaft Mining
17:08 Bow Saw
17:01 Heavy Plow
27:16 Imperial Age
26:54 Ballistics
28:30 Siege Engineers
29:28 Chemistry
29:09 Conscription
28:55 Heavy Scorpion
29:59 Masonry
31:57 Town Watch
32:47 Wheelbarrow
32:31 Husbandry
32:42 Bloodlines
31:52 Light Cavalry
36:34 Hussar
37:44 Capped Ram
38:55 Siege Ram
41:50 Scale Barding Armor
41:55 Forging
Connection lost

Rejoining the realm…

Still unreachable

The connection could not be restored.

Session expired

The server has moved on; the page needs a fresh start.